[Event "FIDE World School-ch O-13 2025"]
[Site "Vrnjacka Banja"]
[Date "2025.03.28"]
[Round "9.2"]
[White "Obidov, Biloliddin"]
[Black "Zharas, Aldiyar"]
[Result "1-0"]
[Annotator "NA RC"]
[ECO "B31"]
[WhiteElo "2020"]
[BlackElo "1924"]
[PlyCount "121"]
[EventDate "2025.03.19"]
[EventType "swiss"]
[EventCountry "SRB"]
[SourceTitle "playchess.com"]
[Source "ChessBase"]
[SourceQuality "1"]
[TimeControl "5400+30"]

1. e4 c5 2. Nf3 Nc6 3. Bb5 g6 4. O-O Bg7 5. Re1 Nf6 6. c3 O-O 7. d4 d5 8. e5 Ne4 9. Bxc6 bxc6 10. Be3 {[%emt 0:00:42] B31: Sicilian: 2...Nc6 3 Bb5 g6.} cxd4 11. cxd4 Qb6 12. Qc1 a5 13. Nc3 Nxc3 14. Qxc3 a4 {[%emt 0:00:25] now scores much better than the old 14...Bg4.} 15. Rac1 Bd7 16. Re2 $146 ({Predecessor:} 16. h3 Rfb8 17. Re2 h6 18. Ne1 Bf5 19. g4 Bd7 20. Nd3 Qb5 21. Rd2 f5 22. Nc5 {½-½ Wagner,D (2581)-Praggnanandhaa,R (2608) Titled Tuesday intern op 5th May blitz 2020 (6)}) 16... Qb5 17. Rd2 Ra6 18. Ne1 Bf5 19. Nd3 Bxd3 $1 20. Rxd3 Rb8 21. Rd2 $11 Qb7 22. h4 Qd7 23. Qd3 Rab6 24. Qa3 Qb7 25. Rcc2 e6 26. Bg5 Bf8 27. Qg3 Rb4 28. h5 Rc4 29. hxg6 fxg6 30. Rxc4 dxc4 31. Qg4 Qf7 32. Rc2 c3 33. Rxc3 Rxb2 34. Rxc6 Rxa2 35. Qxe6 Qxe6 36. Rxe6 Ra1+ 37. Kh2 Rd1 38. Be3 a3 39. Ra6 Kf7 40. Kg3 Bb4 41. Kf3 h6 42. Ke4 Rb1 43. d5 Bc3 44. e6+ Kf6 45. Rxa3 Rb4+ 46. Kd3 Be5 47. Ra7 Rb3+ 48. Ke2 Bd6 49. Bd4+ Kf5 50. e7 Rb8 51. Rd7 Ke4 52. Rxd6 Re8 53. Bf6 Kf5 54. Rd8 Kxf6 55. Rxe8 Kf7 56. Rh8 Kxe7 57. Kd3 h5 58. Ke4 Kf6 59. Re8 Kf7 60. Re5 h4 61. d6 1-0

[Event "FIDE World School-ch O-13 2025"]
[Site "Vrnjacka Banja"]
[Date "2025.03.28"]
[Round "9.3"]
[White "Yang, Maxwell"]
[Black "Baturin-Vinogradov, Miroslav"]
[Result "0-1"]
[Annotator "NA RC"]
[ECO "A50"]
[WhiteElo "1970"]
[BlackElo "1912"]
[PlyCount "84"]
[EventDate "2025.03.19"]
[EventType "swiss"]
[EventCountry "SRB"]
[SourceTitle "playchess.com"]
[Source "ChessBase"]
[SourceQuality "1"]
[TimeControl "5400+30"]

1. d4 Nf6 2. c4 b6 3. Nc3 Bb7 4. d5 e6 5. e4 exd5 6. exd5 {[%emt 0:00:19] A50: Queen's Fianchetto Defence (1 d4 Nf6 2 c4 b6).} Be7 7. Nf3 O-O 8. Bd3 c6 9. O-O h6 10. Bc2 Bb4 11. Bb3 ({White should try} 11. Nd4 $16) 11... Na6 12. Bf4 Nc5 13. Bd6 Re8 14. Bxc5 Bxc5 15. a3 cxd5 16. cxd5 Ba6 17. Re1 {[%emt 0:00:18] [#]} Ng4 $1 18. Rxe8+ Qxe8 19. Nd4 Nxf2 20. Kxf2 Qe5 21. Kg1 Bxd4+ 22. Kh1 Bxc3 23. bxc3 $19 Qxc3 24. Rc1 Qa5 25. h3 Re8 26. a4 d6 27. Qf3 Re1+ 28. Rxe1 Qxe1+ 29. Kh2 Qe5+ 30. Kh1 g6 31. Qg4 Bd3 32. Qd1 Qe2 33. Qxe2 Bxe2 34. Kg1 Kg7 35. Kf2 Ba6 36. Kf3 Kf6 37. Kf4 Bf1 38. Kf3 Ke5 39. h4 Bd3 40. g4 Be4+ 41. Ke3 Bxd5 42. Bxd5 Kxd5 0-1

[Event "FIDE World School-ch O-13 2025"]
[Site "Vrnjacka Banja"]
[Date "2025.03.28"]
[Round "9.4"]
[White "Ritesh Maddukuri"]
[Black "Rusu, Lucas"]
[Result "1-0"]
[Annotator "NA RC"]
[ECO "A45"]
[WhiteElo "1773"]
[BlackElo "2049"]
[PlyCount "97"]
[EventDate "2025.03.19"]
[EventType "swiss"]
[EventCountry "SRB"]
[SourceTitle "playchess.com"]
[Source "ChessBase"]
[SourceQuality "1"]
[TimeControl "5400+30"]

1. d4 Nf6 2. Bg5 g6 3. Bxf6 exf6 4. g3 d5 5. Bg2 Bg7 6. e3 O-O 7. Ne2 Re8 8. O-O c6 9. Nd2 Qb6 10. b3 Bg4 11. c4 dxc4 12. Nxc4 $11 Qd8 13. Re1 Na6 14. h3 Bxe2 15. Qxe2 f5 16. Rad1 Nc7 17. Nb2 h5 18. h4 f4 19. Qf3 fxg3 20. fxg3 Nd5 21. e4 Nb4 22. e5 f6 23. Nc4 Rf8 24. Qe2 Qe7 25. Nd6 f5 26. Qc4+ Nd5 27. Bxd5+ cxd5 28. Qxd5+ Kh7 29. Qxb7 Qxb7 30. Nxb7 f4 31. e6 Bf6 32. d5 Rab8 33. Nc5 f3 34. Kf2 Rbc8 35. Nd7 Bd4+ 36. Rxd4 Rc2+ 37. Ke3 Rf5 38. e7 f2 39. Rf1 Rc3+ 40. Rd3 Rc8 41. Rxf2 Re8 42. d6 Kg7 43. Rxf5 gxf5 44. Kf4 Kf7 45. Kxf5 Rg8 46. Ne5+ Ke8 47. Ke6 Rg6+ 48. Nxg6 a5 49. d7# 1-0

[Event "FIDE World School-ch O-13 2025"]
[Site "Vrnjacka Banja"]
[Date "2025.03.28"]
[Round "9.5"]
[White "Kudrin, Ivan"]
[Black "Kuzmin, Sevastian"]
[Result "1/2-1/2"]
[Annotator "NA"]
[ECO "C89"]
[WhiteElo "1977"]
[BlackElo "1756"]
[PlyCount "76"]
[EventDate "2025.03.19"]
[EventType "swiss"]
[EventCountry "SRB"]
[SourceTitle "playchess.com"]
[Source "ChessBase"]
[SourceQuality "1"]
[TimeControl "5400+30"]

1. e4 e5 2. Nf3 Nc6 3. Bb5 a6 4. Ba4 Nf6 5. O-O Be7 6. Re1 b5 7. Bb3 O-O 8. c3 d5 9. exd5 Nxd5 10. d4 exd4 11. Nxd4 Nxd4 12. cxd4 Bb7 13. Nc3 Nxc3 14. bxc3 Bd6 15. Qg4 Qf6 16. Bc2 h6 $1 17. Be3 Rae8 $11 18. Bd3 Bd5 19. a4 c6 20. axb5 axb5 21. f3 Bc7 22. Bd2 Qd6 23. Qh5 Re6 24. Rxe6 Qxe6 25. Re1 Qf6 26. Qg4 Kh8 27. f4 b4 28. f5 bxc3 29. Bxc3 Qd6 30. Qh3 Bb6 31. Kh1 f6 32. Qe3 Bc7 33. Qh3 Qf4 34. Rf1 Qd6 35. Bd2 c5 36. dxc5 Qxc5 37. Rc1 Qd6 38. Bxh6 gxh6 1/2-1/2

[Event "FIDE World School-ch O-13 2025"]
[Site "Vrnjacka Banja"]
[Date "2025.03.28"]
[Round "9.6"]
[White "Ilcic, Aleksa"]
[Black "Samarth Sreeni Warrier"]
[Result "1/2-1/2"]
[Annotator "NA RC"]
[ECO "D35"]
[WhiteElo "1822"]
[BlackElo "1913"]
[PlyCount "87"]
[EventDate "2025.03.19"]
[EventType "swiss"]
[EventCountry "SRB"]
[SourceTitle "playchess.com"]
[Source "ChessBase"]
[SourceQuality "1"]
[TimeControl "5400+30"]

1. d4 Nf6 2. c4 e6 3. Nf3 d5 4. cxd5 exd5 5. Nc3 c6 6. Bg5 Be7 7. e3 Bf5 8. Bd3 Bxd3 9. Qxd3 O-O 10. Bxf6 Bxf6 11. O-O Nd7 {[%emt 0:05:32] D35: Queen's Gambit Declined: Exchange Variation.} 12. Rfe1 g6 13. Rad1 Bg7 14. e4 dxe4 15. Qxe4 Nf6 16. Qc2 Nd5 17. Qb3 Rb8 18. Nxd5 Qxd5 19. Qxd5 cxd5 20. Rc1 Rbc8 21. Kf1 Rfd8 22. Ke2 Kf8 $11 23. Kd3 Bh6 24. Rc3 a6 25. Ne5 Rxc3+ 26. bxc3 b5 27. a4 bxa4 28. Ra1 Rd6 29. Rxa4 Bg7 30. Rb4 Bxe5 31. dxe5 Rc6 32. Rb7 Ke8 33. Ra7 Rc4 34. g3 Ra4 35. Rc7 Ra2 36. Ke3 Rc2 37. Rc5 Ke7 38. Rxd5 Rxc3+ 39. Kf4 Rc2 40. f3 Ra2 41. h4 h6 42. h5 Ra4+ 43. Ke3 gxh5 44. Rd6 1/2-1/2

[Event "FIDE World School-ch O-13 2025"]
[Site "Vrnjacka Banja"]
[Date "2025.03.28"]
[Round "9.7"]
[White "Jayasooriya, Ruvin Sandharu"]
[Black "Lee, Tsuen Jin Aiesec"]
[Result "1-0"]
[Annotator "NA RC"]
[ECO "E04"]
[WhiteElo "1830"]
[BlackElo "1693"]
[PlyCount "85"]
[EventDate "2025.03.19"]
[EventType "swiss"]
[EventCountry "SRB"]
[SourceTitle "playchess.com"]
[Source "ChessBase"]
[SourceQuality "1"]
[TimeControl "5400+30"]

1. d4 e6 2. c4 d5 3. Nf3 Nf6 4. g3 dxc4 5. Bg2 a6 6. O-O Nc6 7. a4 Rb8 8. b3 cxb3 9. Bb2 Be7 10. Nbd2 O-O 11. Qxb3 b5 12. Rfc1 Bb7 13. axb5 axb5 14. e3 Re8 15. Ne1 Nd5 16. Nd3 Bf8 17. Ne4 Ncb4 18. Ndc5 Bc8 19. Nd2 f5 20. Ba3 Nc6 21. Nxe6 Bxe6 22. Rxc6 Bf7 23. Qd3 Ra8 24. Bb2 Rxa1+ 25. Bxa1 Nb4 26. Qxf5 Nxc6 27. Bxc6 Re6 28. Qxb5 Kh8 29. Nc4 Bg8 30. e4 Qf6 31. Ne5 h6 32. f4 Qd8 33. f5 Rf6 34. Ng6+ Kh7 35. d5 Rf7 36. Be8 Bc5+ 37. Kg2 Qa8 38. Bxf7 Qa2+ 39. Qb2 Qxb2+ 40. Bxb2 Bxf7 41. Nf4 Kg8 42. Be5 Bb6 43. Ne6 1-0

[Event "FIDE World School-ch O-13 2025"]
[Site "Vrnjacka Banja"]
[Date "2025.03.28"]
[Round "9.8"]
[White "Simiyu Jadon"]
[Black "Petroff, Vlad"]
[Result "1-0"]
[Annotator "NA RC"]
[ECO "B31"]
[WhiteElo "1937"]
[BlackElo "2030"]
[PlyCount "127"]
[EventDate "2025.03.19"]
[EventType "swiss"]
[EventCountry "SRB"]
[SourceTitle "playchess.com"]
[Source "ChessBase"]
[SourceQuality "1"]
[TimeControl "5400+30"]

1. e4 c5 2. Nf3 Nc6 3. Bb5 g6 4. Bxc6 bxc6 5. O-O Bg7 6. Re1 Nh6 7. Nc3 O-O 8. d4 cxd4 9. Nxd4 Qb6 10. Nb3 d6 11. Be3 Qc7 12. h3 f5 13. Nd5 Qd7 14. Bxh6 Bxh6 15. exf5 $16 Bg5 16. fxg6 hxg6 17. Qd3 Kh7 18. Qg3 cxd5 19. Qxg5 e5 20. Rad1 Qf7 21. f4 Qxf4 22. Qxf4 exf4 23. Re7+ Kh6 24. Rxd5 f3 25. gxf3 Bxh3 26. Nd4 Rf6 27. Kh2 Bf5 28. Nxf5+ gxf5 29. Rd7 Kg5 30. Kg3 a5 31. R7xd6 Rxd6 32. f4+ Kh5 33. Rxd6 Rc8 34. Rd5 Rxc2 35. Rxf5+ Kg6 36. Rb5 a4 37. a3 Kf6 38. Kg4 Rg2+ 39. Kf3 Rc2 40. Ke4 Re2+ 41. Kd3 Re8 42. Kc3 Rc8+ 43. Kb4 Ra8 44. f5 Kg5 45. Ra5 Rb8+ 46. Kxa4 Rxb2 47. Rb5 Rc2 48. Ka5 Rc8 49. a4 Ra8+ 50. Kb4 Kf6 51. a5 Kg5 52. Kc5 Ra6 53. f6 Rxf6 54. Rb6 Rf5+ 55. Kb4 Rf1 56. Kb5 Ra1 57. a6 Kf5 58. Kc6 Ke6 59. Kb7+ Kd5 60. a7 Kc5 61. Rb2 Rh1 62. a8=Q Rh7+ 63. Ka6 Rh6+ 64. Ka5 1-0